 Dungeon Crawl Stone Soup version 0.31.0-11-ge490571c62 (webtiles) character file.

Game seed: 16339322471230821771

7 browni3141 the Conjurer (level 1, 0/13 HPs)
             Began as a Demonspawn Conjurer on Jan 30, 2024.
             Slain by a ribbon worm (3 damage)
             ... on level 1 of the Dungeon.
             The game lasted 00:00:33 (257 turns).

browni3141 the Conjurer (Demonspawn Conjurer)        Turns: 257, Time: 00:00:34

Health: 0/13       AC:  2    Str:  7    XL:     1   Next: 83%
Magic:  0/3        EV: 12    Int: 18    God:
Gold:   0          SH:  0    Dex: 11    Spells: 3/4 levels left

rFire   . . .        (no weapon)
rCold   . . .        (no shield)
rNeg    . . .        a - +0 robe
rPois   .            (no helmet)
rElec   .            (no cloak)
rCorr   .            (no gloves)
SInv    .            (no boots)
Will    .....        (no amulet)
Stlth   ++           (no ring)
HPRegen 0.22/turn    (no ring)
MPRegen 0.08/turn

%: no passive effects
@: very slightly contaminated
A: no striking features
a: no special abilities


You were on level 1 of the Dungeon.
You visited 1 branch of the dungeon, and saw 1 of its levels.

Inventory:

Armour
 a - a +0 robe (worn)


   Skills:
 + Level 1.9 Dodging
 + Level 2.0 Stealth
 + Level 2.1 Spellcasting
 + Level 4.1 Conjurations


You had 3 spell levels left.
You knew the following spells:

 Your Spells              Type           Power      Damage    Failure   Level
a - Magic Dart            Conj           64%        1d6       3%          1

Your spell library contained the following spells:

 Spells                   Type           Power      Damage    Failure   Level
 Searing Ray              Conj           32%        2d5       4%          2
 Fulminant Prism          Conj/Alch      4%         3d5       58%         4
 Iskenderun's Mystic Bla  Conj/Tloc      9%         2d4       58%         4


Dungeon Overview and Level Annotations

Branches:
Dungeon (1/15)

Altars:


Message History

Welcome, browni3141 the Demonspawn Conjurer.
Are you destined to find the terrific Orb of Zot, or to die trying?
Press ? for a list of commands and other information.
Found 7 stones and a ring mail.
Found a staircase leading out of the dungeon.
Setting a skill training target for Axes at 18.0.
Setting a skill training target for Invocations at 14.0.
Setting a skill training target for Throwing at 11.0.
You see here 7 stones.
A ball python comes into view.
The magic dart hits the ball python.
The ball python is moderately wounded.
The magic dart hits the ball python.
You kill the ball python!
Magic restored.
A goblin and a kobold come into view.
The goblin shouts!
There are monsters nearby!
The magic dart hits the kobold.
You kill the kobold!
The magic dart hits the goblin.
You kill the goblin!
A dart slug comes into view.
A dart slug is nearby!
The magic dart hits the dart slug.
The dart slug is heavily wounded.
The magic dart hits the dart slug.
The dart slug is almost dead.
The dart slug launches a dart at you. The slug dart hits you.
The magic dart hits the dart slug.
You kill the dart slug!
HP restored.
A bat comes into view.
A bat is nearby!
The magic dart hits the bat.
The bat is moderately wounded.
The magic dart hits the bat.
The bat is heavily wounded.
The bat hits you.
A bat is nearby!
The magic dart hits the bat.
You kill the bat!
Your Stealth skill increases to level 2!
A ribbon worm comes into view.
Found a stone staircase leading down.
You see here a bat corpse.
A ribbon worm is nearby!
The magic dart hits the ribbon worm.
The ribbon worm is lightly wounded.
The ribbon worm expels a string of sticky webbing.
The stream of webbing hits you but does no damage.
You are caught in a web!
The web tears apart.
c - a scroll labelled PEICOBEINA
As you read the scroll labelled PEICOBEINA, it crumbles to dust.
It is a scroll of identify.
You don't currently have any unidentified items.
The magic dart hits the ribbon worm.
The ribbon worm is moderately wounded.
The ribbon worm expels a string of sticky webbing.
The stream of webbing hits you but does no damage.
You are caught in a web!
The web tears apart.
The magic dart hits the ribbon worm.
The ribbon worm is lightly wounded.
The ribbon worm closely misses you.
The magic dart hits the ribbon worm.
The ribbon worm is heavily wounded.
You are out of magic!
You are out of magic!
Magic courses through your body. The ribbon worm bites you!
Ouch! That really hurt!
The magic dart hits the ribbon worm.
The ribbon worm is severely wounded.
The ribbon worm expels a string of sticky webbing.
The stream of webbing misses you.
You miscast Magic Dart.
You are very lightly contaminated with residual magic.
Nothing appears to happen.
The ribbon worm bites you.
The magic dart hits the ribbon worm.
The ribbon worm is severely wounded.
The ribbon worm bites you.
You die...

#.....#...#.#....#
#.....##...#.....#
#....#..#.#.#....#
#...#....#...#...#
#..#....#.#...#..
#.#........#...#.
##..............#
########.########
#.........#.w@#
#.#######.#.###
#.#...# #.###w#
#.###.# #.....#
#######


You could see a ribbon worm.

Vanquished Creatures
  A dart slug (D:1)
  A bat (D:1)
  A goblin (D:1)
  A ball python (D:1)
  A kobold (D:1)
5 creatures vanquished.

Notes
Turn   | Place    | Note
-------+----------+-------------------------------------------
     0 | D:1      | browni3141 the Demonspawn Conjurer began the quest for the
                  | Orb.
     0 | D:1      | Reached XP level 1. HP: 13/13 MP: 3/3
   257 | D:1      | Slain by a ribbon worm

Illustrated notes

Levels and vault maps discovered:
D:1:      matt_arrival_diagonals, layout_basic,
          shapermc_ecumenical_altar_starsandcircs, kennysheep_minor_cross,
          minivault_23, minmay_door_square, nicolae_wormholes

Skill      XL: |  1 |
---------------+----+-----
Stealth        | 2 |  2.0
Dodging        | |  1.9
Spellcasting   | |  2.1
Conjurations   | |  4.1

Action                     || total
---------------------------++-------
   Cast: Magic Dart        ||    16
    Use: Scroll            ||     1
         Potion            ||     1
 Armour: Robe              ||     5
  Dodge: Dodged            ||     2
